 Dungeon Crawl Stone Soup version 0.30.0-29-ga12c61a403 (webtiles) character file.

Game seed: 11825514037920060019

14887 Graphine the Fighter (level 12, -3/92 HPs)
             Began as a Human Brigand on June 17, 2023.
             Was an Elder of Dithmenos.
             Slain by a manticore (16 damage)
             ... on level 12 of the Dungeon.
             The game lasted 00:41:18 (13745 turns).

Graphine the Fighter (Human Brigand)               Turns: 13745, Time: 00:41:19

Health: -3/92      AC: 12    Str: 13    XL:     12   Next: 50%
Magic:  17/17      EV: 16    Int: 11    God:    Dithmenos [****..]
Gold:   772        SH:  7    Dex: 25    Spells: 14/17 levels left

rFire   + . .        K - +4 scimitar (heavy)
rCold   . . .        G - +0 buckler
rNeg    . . .        z - +1 ring mail {rF+}
rPois   +            A - +1 helmet
rElec   .            c - +0 cloak
rCorr   +            f - +0 pair of gloves
SInv    .            (no boots)
Will    .....        (no amulet)
Stlth   +++++        v - ring of poison resistance
HPRegen 0.35/turn    w - ring of Mipiro Iragh {rCorr Dex+6}
MPRegen 0.15/turn

%: no passive effects
@: spiked, wreathed by umbra
A: no striking features
a: Renounce Religion, Shadow Step


You were on level 12 of the Dungeon.
You worshipped Dithmenos.
Dithmenos was greatly pleased with you.
You visited 1 branch of the dungeon, and saw 12 of its levels.
You also visited: Bailey.

You collected 772 gold pieces.

Inventory:

Hand Weapons
 a - a +2 dagger of draining
 q - a +4 short sword of freezing
 K - a +4 heavy scimitar (weapon)
Missiles
 d - 50 poisoned darts (quivered)
 e - 6 curare-tipped darts
 H - 8 atropa-tipped darts
Armour
 c - a +0 cloak (worn)
 f - a +0 pair of gloves (worn)
 z - a +1 ring mail of fire resistance (worn)
 A - a +1 helmet (worn)
 G - a +0 buckler (worn)
Magical Staves
 n - a staff of death
Jewellery
 u - a +6 ring of dexterity
 v - a ring of poison resistance (left hand)
 w - the ring of Mipiro Iragh (right hand) {rCorr Dex+6}
   (You found it on level 3 of the Dungeon)

   [ring of dexterity]

   Dex:       It affects your dexterity (+6).
   rCorr:     It protects you from acid and corrosion.
 B - a ring of wizardry
 E - a ring of fire
 F - a ring of see invisible
Wands
 D - a wand of flame (23)
Scrolls
 b - 3 scrolls of poison
 i - a scroll of identify
 k - 3 scrolls of amnesia
 l - 3 scrolls of teleportation
 m - 2 scrolls of fog
 p - a scroll of butterflies
 t - a scroll of magic mapping
Potions
 g - 2 potions of attraction
 h - 2 potions of curing
 j - 2 potions of haste
 o - a potion of degeneration
 r - 8 potions of brilliance
 s - 2 potions of resistance
 x - a potion of lignification
 C - a potion of flight
 J - a potion of magic


   Skills:
 * Level 8.1 Fighting
 - Level 2.0(5.3) Short Blades
 * Level 7.8(7.9) Long Blades
 - Level 2.0 Throwing
 * Level 6.9 Armour
 * Level 7.7 Dodging
 * Level 7.5 Stealth
 * Level 6.7 Shields
 - Level 3.0 Spellcasting
 - Level 3.0 Transmutations
 * Level 7.7 Invocations


You had 14 spell levels left.
You knew the following spells:

 Your Spells              Type           Power      Damage    Failure   Level
a - Beastly Appendage     Tmut           16%        N/A       19%         1
b - Wereblood             Tmut           8%         N/A       28%         2

Your spell library contained the following spells:

 Spells                   Type           Power      Damage    Failure   Level
 Kiss of Death            Conj/Necr      4%         2d5       54%         1
 Magic Dart               Conj           4%         1d3       54%         1
 Blink                    Tloc           2%         N/A       69%         2
 Lesser Beckoning         Tloc           2%         N/A       69%         2
 Momentum Strike          Conj/Tloc      2%         3d8       69%         2
 Scorch                   Fire           2%         2d5       69%         2
 Searing Ray              Conj           2%         2d4       69%         2
 Sublimation of Blood     Necr           1%         N/A       69%         2
 Spider Form              Tmut/Pois      4%         N/A       71%         3
 Confusing Touch          Hex            1%         N/A       89%         3
 Gell's Gravitas          Tloc           1%         N/A       89%         3
 Teleport Other           Tloc           1%         N/A       89%         3
 Petrify                  Tmut/Erth      4%         N/A       98%         4
 Dispel Undead            Necr           1%         3d6       100%        4
 Flame Wave               Conj/Fire      1%         2d4       100%        4
 Fulminant Prism          Conj/Hex       0%         3d5       100%        4
 Arcjolt                  Conj/Air       0%         1d10      100%        5
 Irradiate                Conj/Tmut      2%         3d12      100%        5
 Death Channel            Necr           0%         N/A       100%        6
 Dispersal                Tloc           0%         N/A       100%        6
 Starburst                Conj/Fire      0%         6d3       100%        6
 Summon Cactus Giant      Summ           0%         N/A       100%        6


Dungeon Overview and Level Annotations

Branches:
Dungeon (12/15)            Temple (0/1) D:5            Lair (0/5) D:8
    Orc (0/2) D:10         Bailey (visited)

Altars:
Dithmenos
Elyvilon

Shops:
D:4 (   D:8 :   D:9 (


Message History

The volley of spikes hits you.
The barbed spikes become lodged in your body.
The manticore flicks its tail.
The volley of spikes misses you.
The manticore flicks its tail.
The volley of spikes misses you.
The manticore flicks its tail.
The volley of spikes hits you but does no damage.
The manticore flicks its tail.
The volley of spikes hits you but does no damage.
You carefully extract the barbed spikes from your body.
K - a +4 heavy scimitar (weapon)
The manticore flicks its tail.
You block the volley of spikes.
The manticore flicks its tail.
You block the volley of spikes.
The manticore flicks its tail.
The volley of spikes hits you.
The barbed spikes become lodged in your body.
The manticore flicks its tail.
The volley of spikes hits you!
The barbed spikes become lodged in your body.
The manticore flicks its tail.
The volley of spikes hits you!
The barbed spikes become lodged in your body.
The barbs in your skin will harm you if you move.
Continue?
Found 7 stones.
The barbed spikes dig painfully into your body as you move.
The manticore bites you! The manticore barely misses you.
You block the manticore's attack.
Hit: K) +4 scimitar (heavy)
Press: ? - help, Dir - move target, f - manticore
Aim: a manticore (umbra, about 20% to evade your +4 heavy scimitar)
You slash the manticore!
The manticore is moderately wounded.
The manticore bites you!!
* * * LOW HITPOINT WARNING * * *
You block the manticore's attack. The manticore closely misses you.
The manticore bites you!
You die...

#.# ### #.# #.. ...)# ### #.#
#.# #...# . ... #.# #.# #...#
.. ..# #.# #.# #...###.## #.#
#.# #.######....<.... #.#
###.###................ #.#
#............#..#.....( #..
#.#####.###..#.@H...... #..
#.# #.# #..#.##...... #.. #.#
#.###..#.# ..... ###.. #.#
#........# .....####.... #.#
#.###..#.# ............ #.#
#........#############.### #.#
####.#............# #.#
#.#########..##########.####.#
#............# #......#


You could see a manticore.

Vanquished Creatures
  A boulder beetle (D:11)
  2 two-headed ogres
  4 skeletal warriors (D:11)
  A deep elf pyromancer (D:11)
  An orc knight (Bailey)
  2 ugly things
  2 komodo dragons
  A komodo dragon (shapeshifter) (D:11)
  2 trolls
  5 slime creatures (D:10)
  A wyvern (D:9)
  A shadow (D:11)
  A wraith (D:11)
  10 yaks
  2 steam dragons
  3 vampire mosquitoes (D:10)
  8 orc warriors
  2 ice beasts (D:8)
  A sky beast (D:6)
  2 ogres
  4 centaurs
  2 phantoms
  8 kobold brigands
  3 bullfrogs
  2 scorpions
  13 wights
  13 killer bees
  2 howler monkeys
  3 jellies
  4 orc priests
  6 hounds
  A gnoll bouda (D:7)
  A sleepcap (D:4)
  3 iguanas
  9 orc wizards
  10 gnolls
  7 adders
  A shadow imp (D:5)
  3 white imps
  3 worms
  A dart slug (D:1)
  26 orcs
  6 ball pythons
  11 endoplasms
  A giant cockroach (D:4)
  10 goblins
  10 hobgoblins
  6 jackals (D:1)
  6 quokkas
  3 bats
  4 frilled lizards
  21 kobolds
  3 rats
258 creatures vanquished.

Vanquished Creatures (others)
  2 wights (D:6)
  An orc wizard (D:9)
  An orc (D:9)
4 creatures vanquished.

Grand Total: 262 creatures vanquished

Notes
Turn   | Place    | Note
-------+----------+-------------------------------------------
     0 | D:1      | Graphine the Human Brigand began the quest for the Orb.
     0 | D:1      | Reached XP level 1. HP: 16/16 MP: 1/1
    74 | D:1      | Reached XP level 2. HP: 19/22 MP: 2/2
   252 | D:1      | Reached skill level 1 in Long Blades
   386 | D:1      | Reached XP level 3. HP: 17/28 MP: 3/3
  1113 | D:1      | Learned a level 1 spell: Beastly Appendage
  1382 | D:2      | Reached XP level 4. HP: 27/34 MP: 4/4
  1887 | D:2      | Reached XP level 5. HP: 40/40 MP: 6/6
  2002 | D:2      | Reached skill level 1 in Transmutations
  2383 | D:3      | Reached skill level 3 in Fighting
  2484 | D:3      | Identified the ring of Mipiro Iragh {rCorr Dex+6}
  2551 | D:3      | Reached skill level 1 in Spellcasting
  2557 | D:3      | Reached XP level 6. HP: 47/47 MP: 7/7
  2841 | D:3      | Found a shadowy altar of Dithmenos.
  2857 | D:3      | Became a worshipper of Dithmenos the Shadowed
  3213 | D:4      | Found Maifiuw's Weapon Boutique.
  3589 | D:4      | Learned a level 2 spell: Wereblood
  3727 | D:4      | Noticed an ogre
  3737 | D:4      | Killed an ogre
  3738 | D:4      | Reached skill level 1 in Invocations
  3738 | D:4      | Reached XP level 7. HP: 53/53 MP: 8/8
  3845 | D:4      | Noticed a steam dragon
  3849 | D:4      | Killed a steam dragon
  3850 | D:4      | Reached skill level 1 in Armour
  4027 | D:5      | Entered Level 5 of the Dungeon
  4350 | D:5      | Reached * piety under Dithmenos
  4356 | D:5      | Reached skill level 4 in Fighting
  4635 | D:5      | Found a staircase to the Ecumenical Temple.
  4760 | D:5      | Reached XP level 8. HP: 60/60 MP: 10/10
  5076 | D:6      | Reached skill level 1 in Shields
  5221 | D:6      | Reached skill level 5 in Stealth
  5240 | D:6      | Reached XP level 9. HP: 25/64 MP: 13/13
  5879 | D:6      | Found a white marble altar of Elyvilon.
  6342 | D:7      | Reached skill level 5 in Fighting
  7136 | D:7      | Got Ceoq's Precepts of Ruinous Corpses
  7523 | D:8      | Reached ** piety under Dithmenos
  7622 | D:8      | Reached skill level 5 in Dodging
  7634 | D:8      | Reached skill level 5 in Long Blades
  7654 | D:8      | Reached XP level 10. HP: 13/75 MP: 14/14
  8026 | D:8      | Found Piqaileh's Vocational Training.
  8205 | D:8      | Found a staircase to the Lair.
  8553 | D:9      | Reached skill level 5 in Invocations
  8704 | D:9      | Found a flagged portal.
  8713 | Bailey   | Entered a bailey
  8739 | Bailey   | Reached skill level 6 in Fighting
  8921 | Bailey   | Found a burning altar of Makhleb.
  8921 | Bailey   | Noticed an orc knight
  8949 | Bailey   | Killed an orc knight
  9315 | D:9      | Noticed a two-headed ogre
  9333 | D:9      | Killed a two-headed ogre
  9333 | D:9      | Reached *** piety under Dithmenos
  9334 | D:9      | Reached skill level 5 in Armour
  9573 | D:9      | Reached XP level 11. HP: 41/83 MP: 13/15
  9620 | D:9      | Reached skill level 5 in Shields
  9786 | D:9      | Found Goazusid's Antique Weapon Shoppe.
 10052 | D:10     | Entered Level 10 of the Dungeon
 10052 | D:10     | Noticed a cyan ugly thing
 10066 | D:10     | Killed a cyan ugly thing
 10260 | D:10     | Reached skill level 7 in Fighting
 10619 | D:10     | Found a staircase to the Orcish Mines.
 11699 | D:10     | Reached **** piety under Dithmenos
 11945 | D:11     | Noticed a two-headed ogre
 11952 | D:11     | Killed a two-headed ogre
 12093 | D:11     | Noticed a boulder beetle
 12112 | D:11     | Killed a boulder beetle
 12113 | D:11     | Reached XP level 12. HP: 37/91 MP: 15/17
 12464 | D:11     | Noticed a skeletal warrior
 12464 | D:11     | Noticed a skeletal warrior
 12464 | D:11     | Noticed a skeletal warrior
 12478 | D:11     | Killed a skeletal warrior
 12558 | D:11     | Killed a skeletal warrior
 12563 | D:11     | Noticed a skeletal warrior
 12729 | D:11     | Killed a skeletal warrior
 12743 | D:11     | Killed a skeletal warrior
 12744 | D:11     | Reached skill level 8 in Fighting
 13745 | D:12     | Slain by a manticore

Illustrated notes

Levels and vault maps discovered:
D:1:      wander_arrival_lonely_grave, layout_basic
D:2:      layout_loops_corners
D:3:      layout_basic, grunt_dithmenos_smoke_and_mirrors
D:4:      layout_loops_corners, serial_shops, shop
D:5:      nicolae_cairo_tiling_very_big, layout_loops_ring,
          minmay_temple_entry_mist, serial_bayou_lagoon_a,
          kennysheep_generic_room_15
D:6:      layout_basic, nicolae_elyvilon_temple_path
D:7:      layout_cave_pods
D:8:      layout_basic, lair_entry_dummy, st_stairs_1, nicolae_shop_vocational
D:9:      layout_roguey, enter_bailey_2, serial_shops, nicolae_shop_tiny_glass,
          chequers_serial_rivers_micro_a
D:10:     layout_basic, orc_0_dummy
D:11:     layout_long_grid
D:12:     layout_loops_ring, special_room [special_room_orc]

Skill      XL: |  1  2  3  4  5  6  7  8  9 10 11 12 |
---------------+-------------------------------------+-----
Long Blades    | 1 2 3 4 5 6 7 |  7.8
Dodging        | 2 3 4 5 6 7 |  7.7
Transmutations | 1 2 3 |  3.0
Fighting       | 3 4 5 6 7 8 |  8.1
Spellcasting   | 1 2 3 |  3.0
Invocations    | 1 2 3 4 5 7 |  7.7
Armour         | 1 2 3 5 6 |  6.9
Shields        | 1 3 4 6 |  6.7
Stealth        | 5 6 7 |  7.5
Short Blades   | |  2.0
Throwing       | |  2.0

Action                     |  1- 3 |  4- 6 |  7- 9 | 10-12 || total
---------------------------+-------+-------+-------+-------++-------
  Melee: Dagger            |    65 |   150 |   342 |   271 ||   828
         Punch             |       |     4 |     2 |       ||     6
         Kick              |       |       |       |    14 ||    14
         Headbutt          |       |       |       |    12 ||    12
         Scimitar          |       |       |       |   191 ||   191
  Throw: Dart              |    47 |    22 |     2 |     7 ||    78
         Throwing net      |       |     1 |     1 |       ||     2
   Cast: Beastly Appendage |       |       |       |     4 ||     4
         Wereblood         |       |       |       |     3 ||     3
  Evoke: Wand              |       |       |    32 |    23 ||    55
    Use: Scroll            |     6 |     5 |    10 |     9 ||    30
         Potion            |       |       |     1 |     6 ||     7
   Stab: Sleeping          |     3 |    13 |    10 |     4 ||    30
         Held in net/web   |       |     1 |       |       ||     1
         Distracted        |       |       |       |     1 ||     1
 Armour: Robe              |    12 |    24 |       |       ||    36
         Ring mail         |       |       |    72 |   110 ||   182
  Dodge: Dodged            |    34 |    67 |   205 |   342 ||   648
  Block: Buckler           |       |       |    74 |   152 ||   226
